 Dungeon Crawl Stone Soup version 0.24.0-13-gcf9b3192b9 (webtiles) character file.

Game seed: 12280342293391697645, levelgen mode: deterministic

87 Lanoc the Charlatan (level 4, -1/37 HPs)
             Began as a Minotaur Artificer on Nov 7, 2019.
             Slain by an iguana (9 damage)
             ... on level 3 of the Dungeon.
             The game lasted 00:02:24 (892 turns).

Lanoc the Charlatan (Minotaur Artificer)             Turns: 892, Time: 00:02:25

Health: -1/37      AC:  5    Str: 16    XL:     4   Next: 28%
Magic:  5/5        EV: 12    Int:  8    God:
Gold:   55         SH:  0    Dex: 12    Spells: 3/3 levels left

rFire    . . .     SeeInvis .   a - +0 short sword
rCold    . . .     Gourm    .   (no shield)
rNeg     . . .     Faith    .   b - +0 leather armour
rPois    .         Spirit   .   (helmet restricted)
rElec    .         Reflect  .   (no cloak)
rCorr    .         Harm     .   i - +0 pair of gloves (curse)
MR       .....                  l - +0 pair of boots
Stlth    +.........             (no amulet)
HPRegen  0.12/turn              (no ring)
MPRegen  0.09/turn              (no ring)

@: no status effects
A: retaliatory headbutt, horns 2
a: no special abilities


You were on level 3 of the Dungeon.
You were not hungry.

You visited 1 branch of the dungeon, and saw 3 of its levels.

You collected 55 gold pieces.

Inventory:

Hand Weapons
 a - a +0 short sword (weapon)
Missiles
 m - 21 sling bullets
Armour
 b - a +0 leather armour (worn)
 i - a cursed +0 pair of gloves (worn)
 l - a +0 pair of boots (worn)
Wands
 c - a wand of flame (9)
 d - a wand of enslavement (15)
 e - a wand of random effects (14)
Scrolls
 j - a scroll of fog {unknown}
 k - a scroll of remove curse {unknown}
 o - a scroll of immolation {unknown}
 p - a scroll of identify {unknown}
Potions
 g - a potion of flight {unknown}
 h - a potion of lignification
 n - a potion of heal wounds {unknown}
Comestibles
 f - 3 rations


   Skills:
 + Level 2.6 Fighting
 - Level 1.1 Short Blades
 + Level 2.2 Armour
 + Level 3.1 Dodging
 - Level 0.7 Stealth
 + Level 3.3 Evocations


You had 3 spell levels left.
You didn't know any spells.
Your spell library was empty.

Dungeon Overview and Level Annotations

Branches:
Dungeon (3/15)

Altars:
Elyvilon
Kikubaaqudgha


Innate Abilities, Weirdness & Mutations

You reflexively headbutt those who attack you in melee.
You have a pair of horns on your head.


Message History

Evoke which item? (* to show all) (? for menu, Esc to quit)
Aiming: Random Effects
Press: ? - help, Shift-Dir - straight line, f - iguana
Aim: an iguana (heavily wounded)
The iguana appears confused.
The iguana barely misses you.
Evoke which item? (* to show all) (? for menu, Esc to quit)
Aiming: Throw Flame
Press: ? - help, Shift-Dir - straight line, f/p - iguana
Aim: an iguana (heavily wounded, confused)
The puff of flame hits the iguana.
The iguana is almost dead.
The iguana barely misses you.
Evoke which item? (* to show all) (? for menu, Esc to quit)
Aiming: Throw Flame
Press: ? - help, Shift-Dir - straight line, f/p - iguana
Aim: an iguana (almost dead, confused)
The puff of flame hits the iguana but does no damage.
The iguana is almost dead.
The iguana bites you!
You die...

.## ....... ...
....... ..# .$.....
#.# ....... #.#
....... #.#
.......##.######
...........sl@(######.
........#..###........
.!......##.#........#
.......)##.#..†.....#
........##..(.).....#
...../..####........#
.......## #........#
......# #........#
###### #........#


You could see an iguana (confused) and a giant cockroach.

Vanquished Creatures
  An iguana (D:2)
  2 adders
  An ooze (D:2)
  2 dart slugs
  3 leopard geckos (D:2)
  A giant cockroach (D:2)
  2 goblins (D:2)
  7 hobgoblins
  6 kobolds
  A quokka (D:2)
  2 bats (D:2)
  A frilled lizard (D:2)
  5 rats (D:2)
34 creatures vanquished.

Notes
Turn   | Place    | Note
-------+----------+-------------------------------------------
     0 | D:1      | Lanoc the Minotaur Artificer began the quest for the Orb.
     0 | D:1      | Reached XP level 1. HP: 16/16 MP: 1/1
    62 | D:2      | Reached XP level 2. HP: 23/23 MP: 3/3
    75 | D:2      | Found a white marble altar of Elyvilon.
    90 | D:2      | Reached skill level 1 in Armour
   303 | D:2      | Reached XP level 3. HP: 27/29 MP: 4/4
   415 | D:2      | HP: 1/43 [iguana (3)]
   417 | D:2      | Reached XP level 4. HP: 1/37 MP: 5/5
   716 | D:2      | Found an ancient bone altar of Kikubaaqudgha.
   892 | D:3      | Slain by an iguana

Levels and vault maps discovered:
D:1:      psy_arrival_spokes, layout_loops_corners, minivault_19
D:2:      layout_loops_ring, lemuel_round_altar, elyvilon_altar_5
D:3:      layout_rooms, lemuel_crystal_altar, lemuel_crystal_altar, uniq_ijyb

Skill      XL: |  1  2  3 |
---------------+----------+-----
Armour         | 1 2 |  2.2
Evocations     | 3 |  3.3
Fighting       | 2 |  2.6
Dodging        | 3 |  3.1
Short Blades   | |  1.1
Stealth        | |  0.7

Action                   |  1- 3 |  4- 6 || total
-------------------------+-------+-------++-------
Melee: Short sword       |    63 |    30 ||    93
       Headbutt          |    10 |     4 ||    14
Evoke: Wand              |     3 |     4 ||     7
  Use: Potion            |     1 |       ||     1
 Stab: Sleeping          |       |     1 ||     1
Armor: Leather armour    |    13 |     4 ||    17
       Skin              |     4 |       ||     4
Dodge: Dodged            |    37 |    23 ||    60
